Map: 乌雷纳

Players

Gardenia - Winner!

  • Race: Zerg Zerg
  • League: Diamond

Quail

  • Race: Protoss Protoss
  • League: Platinum

VOD

Have the link to the VOD?

Description

Time

  • Played on: Dec. 4, 2015, 3:55 a.m.
  • Length: 6:33
Show
View Real Time Build Order
Export as new Build Order

Gardenia Zerg - Winner!

Build Orders: Pool First 

Get SALT Encoding   

  12  0:01  Drone  
  13  0:25  Drone, Spawning Pool  
  13  0:29  Drone  
  14  0:38  Overlord  
  14  0:59  Drone  
  15  1:11  Zergling x2  
  15  1:12  Zergling x4  
  15  1:13  Queen  
  20  1:23  Zergling x2  
  21  1:33  Zergling x2  
  21  1:38  Hatchery  
  21  1:47  Overlord  
  21  2:08  Drone x2  
  23  2:26  Overlord  
  23  2:27  Drone x3  
  26  2:31  Queen  
  27  2:56  Drone x4  
  29  3:06  Queen  
  29  3:08  Drone x2  
  32  3:13  Extractor  
  32  3:14  Extractor  
  29  3:24  Drone x5  
  34  3:37  Drone x2  
  36  3:41  Drone x2  
  36  3:42  Drone  
  39  3:52  Overlord x2  
  39  4:01  Metabolic Boost  
  39  4:05  Spine Crawler, Zergling x10  
  43  4:12  Drone  
  43  4:13  Drone x2  
  43  4:15  Roach Warren  
  45  4:17  Drone  
  44  4:48  Overlord  
  44  4:49  Extractor  
  44  4:50  Lair, Extractor  
  44  4:51  Drone x2  
  43  5:03  Overlord  
  43  5:07  Drone  
  43  5:08  Drone x5  
  49  5:14  Hatchery  
  49  5:16  Drone  
  49  5:19  Drone  
  49  5:20  Drone x3  
  53  5:23  Spore Crawler  
  53  5:26  Spore Crawler  
  53  5:27  Drone  
  52  5:38  Zergling x10  
  56  5:47  Spine Crawler x2  
  56  5:49  Spine Crawler, Roach x3  
  59  5:51  Roach  
  60  5:58  Roach  
  64  6:06  Roach x3  
  67  6:13  Ravager x3  
Show
View Real Time Build Order
Export as new Build Order

Quail Protoss 

Build Orders: 1 Gate Expand 

Get SALT Encoding   

  12  0:01  Probe (Chrono Boost)  
  13  0:11  Probe (Chrono Boost)  
  14  0:22  Probe (Chrono Boost), Pylon  
  15  0:40  Probe (Chrono Boost)  
  16  0:43  Gateway  
  16  0:51  Probe (Chrono Boost)  
  17  1:11  Nexus  
  17  1:14  Probe (Chrono Boost)  
  18  1:19  Assimilator  
  19  1:25  Probe (Chrono Boost)  
  19  1:28  Assimilator  
  19  1:38  Cybernetics Core  
  19  1:51  Zealot (Chrono Boost)  
  20  2:02  Probe  
  20  2:07  Pylon  
  20  2:09  Pylon  
  20  2:14  Probe  
  23  2:24  Zealot (Chrono Boost)  
  23  2:33  Probe  
  24  2:38  Gateway  
  23  2:45  Probe  
  23  2:58  Mothership Core  
  21  3:16  Adept (Chrono Boost)  
  21  3:19  Probe (Chrono Boost)  
  24  3:29  Adept  
  24  3:30  Probe (Chrono Boost)  
  27  3:40  Probe (Chrono Boost)  
  28  3:45  Gateway, Warp Gate (Chrono Boost)  
  28  3:52  Probe  
  28  3:53  Gateway  
  29  4:04  Stalker  
  31  4:15  Pylon  
  31  4:19  Pylon  
  31  4:34  Sentry  
  33  4:44  Stalker  
  29  4:46  Adept  
  29  4:47  Adept  
  33  4:59  Probe  
  32  5:00  Stalker  
  34  5:14  Zealot x2  
  36  5:18  Sentry  
  38  5:30  Zealot  
  44  5:44  Pylon  
  40  6:09  Zealot  
  36  6:21  Stalker  
  36  6:22  Stalker x2  
Tags
 
Add a new tag
Caveats
  • Supply blocks, unpowered buildings, or Contaminate may cause inaccurate times.
  • Supply counts are checked every 10 seconds.